 Dungeon Crawl Stone Soup version bcrawl-1.39.1 (webtiles) character file.

Game seed: 3836848399661429040

546638 Finalfun the Blocker (level 13, -9/101 HPs)
             Began as a Minotaur Archaeologist on Sept 26, 2023.
             Was a High Priest of Trog.
             Mangled by a black mamba (10 damage)
             ... on level 4 of the Lair of Beasts.
             The game lasted 00:36:45 (12934 turns).

Finalfun the Blocker (Minotaur Archaeologist)      Turns: 12934, Time: 00:36:45

Health: -9/101     AC: 23    Str: 19      XL:     13   Next: 51%
Magic:  13/13      EV:  5    Int: 11      God:    Trog [*****.]
Gold:   626        SH:  0    Dex:  6 (7)  Spells: 12/12 levels left

rFire    + . .     GDR:     27% a - +8 arc blade {discharge, rElec}
rCold    + . .     SeeInvis .   K - +0 medium shield
rNeg     . . .     Gourm    .   F - +0 plate armour
rPois    .         Faith    .   d - +1 hat
rElec    +         Spirit   .   M - scarf {rC+ rF+}
rCorr    +         Reflect  +   N - +0 pair of gloves
MR       .....                  o - +1 pair of boots
Stlth    ..........             s - +3 amulet of reflection
HPRegen  0.26/turn              p - ring of resist corrosion
MPRegen  0.13/turn              (no ring)

@: confused, lethally poisoned (-9 -> -21), berserk cooldown, hasted and slowed,
glowing, lightly drained
A: retaliatory headbutt, horns 2, icy blue scales 1, yellow scales 1, clumsy 1,
deterioration 1, frail 1, low mp 1, weak 1
a: Berserk, Trog's Hand, Brothers in Arms, Renounce Religion


You were on level 4 of the Lair of Beasts.
You worshipped Trog.
Trog was extremely pleased with you.
You were hungry.

You visited 3 branches of the dungeon, and saw 15 of its levels.

You collected 902 gold pieces.
You spent 276 gold pieces at shops.

Inventory:

Hand Weapons
 a - the +8 arc blade (weapon) {discharge, rElec}
   (You acquired it on level 3 of the Dungeon)

   It insulates you from electricity.
 b - a +0 blowgun
Missiles
 c - 240 poisoned tomahawks
 f - 3 curare-tipped needles
 l - 41 needles of frenzy {=f}
 m - 1519 stones
 C - 89 javelins (quivered)
 J - 2 throwing nets {=f}
Armour
 d - a +1 hat (worn)
 o - a +1 pair of boots (worn)
 D - the +8 salamander hide armour {+Fog rF++ rC-}
   (You found it on level 1 of the Lair of Beasts)

   It greatly protects you from fire.
   It makes you vulnerable to cold.
 F - a +0 plate armour (worn)
 K - a +0 medium shield (worn)
 M - a scarf of resistance (worn)
 N - a +0 pair of gloves (worn)
Jewellery
 p - a ring of resist corrosion (left hand)
 s - a +3 amulet of reflection (around neck)
 P - an uncursed amulet of guardian spirit
Wands
 h - a wand of acid (16)
 y - a wand of polymorph (11)
 E - a wand of iceblast (14)
Scrolls
 g - 3 scrolls of revelation
 j - 3 scrolls of remove curse
 q - 10 scrolls of teleportation
 t - a scroll of enchant armour
 v - 2 scrolls of enchant weapon
 x - 3 scrolls of immolation
 z - 2 scrolls of fog
 A - 3 scrolls of noise
 G - a scroll of fear
Potions
 k - a potion of invisibility
 n - 2 potions of agility
 r - 2 potions of resistance
 u - 2 potions of brilliance
 w - 8 potions of curing
 B - a potion of magic
 H - 2 potions of heal wounds {unknown}
 I - a potion of cancellation
 L - 3 potions of might
Miscellaneous
 i - a lamp of fire
Comestibles
 e - 19 rations {!d}
 O - a chunk of flesh


   Skills:
 + Level 9.9(9.4) Fighting
 - Level 14.0(13.4) Short Blades
   Level 2.0(1.6) Maces & Flails
 + Level 9.9(9.4) Armour
 + Level 9.6(9.1) Dodging
 - Level 3.0(2.5) Stealth
 + Level 14.2(13.6) Shields
 - Level 4.0(3.5) Evocations


You had 12 spell levels left.
You didn't know any spells.
Your spell library was empty.

Dungeon Overview and Level Annotations

Branches:
Dungeon (10/12)            Temple (1/1) D:4            Lair (4/6) D:9
  Swamp (0/3) Lair:2       Spider (0/3) Lair:3
    Orc: D:8-11

Altars:
Ashenzari
Cheibriados
Dithmenos
Elyvilon
Fedhas
Gozag
Hepliaklqana
Kikubaaqudgha
Lugonu
Makhleb
Nemelex Xobeh
Okawaru
Qazlal
Ru
Sif Muna
Trog
Uskayaw
Vehumet
Wu Jian
Xom
Yredelemnul
Zin
The Shining One

Shops:
D:4 [   D:8 ?

Annotations:
D:7 2 transporters
Lair:4 Jedieboz's ghost, journeyman SpEn


Innate Abilities, Weirdness & Mutations

You reflexively headbutt those who attack you in melee.
You have a pair of horns on your head.
You are partially covered in icy blue scales. (AC +2)
You are partially covered in yellow scales. (AC +2)
You are clumsy. (Dex -2)
Your body sometimes deteriorates upon taking damage.
You are frail. (-10% HP)
Your magical capacity is low. (-10% MP)
You are weak. (Str -2)


Message History

You feel sick.
The black mamba bites you but does no damage.
The +1 scythe of chaos hits you but does no damage.
You feel yourself speed up.
Jedieboz's ghost gestures at you while chanting.
You are confused.
The black mamba bites you!
* * * LOW HITPOINT WARNING * * *
Your body deteriorates!
You feel clumsy.
Jedieboz's ghost hits you but does no damage.
You hit the black mamba but do no damage.
* * * LOW HITPOINT WARNING * * *
You feel sick.
The black mamba bites you but does no damage.
The +1 scythe of chaos hits you but does no damage.
You completely miss Jedieboz's ghost.
Jedieboz's ghost is heavily damaged.
* * * LOW HITPOINT WARNING * * *
You feel sick. The black mamba bites you!
You die...

# .# ####... ...## ..##
.#.......P##
#..###..........# #
#......# ....<.P .##.
#......####....≈ ..$..
##.....#.......≈
#....#####..............≈
####...#@S...........88≈†
........W....###.........
........(†#.P#####.......
.......†.†.....# #P..88≈≈
......##'##....P###....≈≈
.....##._)#.......P...≈≈≈
..... ##.##..........P≈≈≈
.... ###............≈≈≈
...# #.###......≈≈≈≈


You could see a black mamba, a +1 scythe of chaos and Jedieboz's ghost.

Vanquished Creatures
  An ettin (D:9)
  3 hydras
  Harold (D:8)
  Erica (D:9)
  Psyche (D:9)
  2 two-headed ogres (D:9)
  A skeletal warrior (D:8)
  An unseen horror (D:10)
  A wolf spider zombie (D:9)
  Pikel (D:8)
  2 ugly things (D:9)
  A manticore (D:7)
  3 elephants (Lair:4)
  3 black mambas (Lair:4)
  11 cane toads
  2 yaktaurs (D:9)
  An efreet (D:9)
  An eye of draining (D:8)
  A merfolk (shapeshifter) (D:9)
  2 trolls (D:8)
  A tyrant leech (Lair:2)
  4 hippogriffs
  19 blink frogs
  5 dream sheep (Lair:4)
  A tarantella (Lair:3)
  A wyvern (Lair:3)
  36 yaks
  2 wargs (D:9)
  A hungry ghost (D:9)
  3 spatial vortices (D:8)
  A vampire mosquito (D:9)
  3 water moccasins
  5 crocodiles (Lair:1)
  An acid dragon (Lair:3)
  5 porcupines
  Duvessa (D:4)
  Purgy (D:3)
  3 ice beasts
  6 sky beasts
  3 black bears
  4 slaves (D:8)
  3 orc warriors
  3 phantoms
  8 ogres
  7 wolves
  A kobold brigand (D:9)
  10 bullfrogs
  2 centaurs (D:5)
  A gnoll sergeant (D:9)
  Dowan (D:4)
  4 scorpions
  8 killer bees (D:8)
  9 wights
  An electric eel (Lair:1)
  10 orc priests
  7 crimson imps
  A bullfrog zombie (D:5)
  2 jellies
  A quasit (D:7)
  5 hounds
  19 orc wizards
  2 bullfrog skeletons
  3 iguanas
  Ijyb (D:3)
  Natasha (thrice) (D:3)
  4 worker ants
  A howler monkey zombie (D:8)
  A worker ant zombie (D:8)
  14 gnolls
  16 adders
  2 shadow imps
  2 oozes
  An adder zombie (D:7)
  A worm (D:2)
  2 dart slugs (D:1)
  2 leopard geckos
  40 orcs
  4 bats
  4 giant cockroaches
  5 goblins
  7 hobgoblins
  11 jackals
  4 ball pythons (D:2)
  6 frilled lizards
  8 kobolds
  8 rats
  4 fungi
  A plant (Lair:4)
406 creatures vanquished.

Vanquished Creatures (others)
  An adder skeleton (D:7)
  10 fungi
  6 plants
17 creatures vanquished.

Grand Total: 423 creatures vanquished

Notes
Turn   | Place    | Note
-------+----------+-------------------------------------------
     0 | D:1      | Finalfun the Minotaur Archaeologist began the quest for the
                  | Orb.
     0 | D:1      | Reached XP level 1. HP: 16/16 MP: 0/0
   104 | D:1      | Reached XP level 2. HP: 24/24 MP: 1/1
   766 | D:2      | Reached XP level 3. HP: 30/30 MP: 2/2
  1061 | D:2      | Reached XP level 4. HP: 40/40 MP: 3/3
  1599 | D:3      | Noticed Natasha
  1606 | D:3      | Killed Natasha
  1607 | D:3      | Reached skill level 5 in Fighting
  1742 | D:3      | Reached XP level 5. HP: 47/48 MP: 4/4
  1742 | D:3      | Identified a scroll of acquirement
  1742 | D:3      | Identified the ring of Puaffuxu {rPois Str+4 SInv} (You
                  | acquired it on level 3 of the Dungeon)
  1743 | D:3      | Found the +8 arc blade {discharge, rElec}
  1770 | D:3      | Reached skill level 1 in Short Blades
  1947 | D:3      | Reached XP level 6. HP: 47/57 MP: 5/5
  2094 | D:3      | Noticed Natasha
  2100 | D:3      | Killed Natasha
  2151 | D:3      | Found a faded altar of an unknown god.
  2175 | D:3      | Noticed Ijyb
  2186 | D:3      | Killed Ijyb
  2212 | D:3      | Noticed Natasha
  2215 | D:3      | Killed Natasha
  2266 | D:3      | Noticed Purgy
  2273 | D:3      | Killed Purgy
  2274 | D:3      | Reached XP level 7. HP: 46/63 MP: 6/6
  2382 | D:3      | Prayed at the altar of an unknown god.
  2382 | D:3      | Became a worshipper of Xom of Chaos
  2431 | D:4      | Reached skill level 5 in Short Blades
  2587 | D:4      | Found a shattered altar of Ashenzari.
  2638 | D:4      | XOM: smoke on damage
  2729 | D:4      | XOM: silly message
  2735 | D:4      | Found a staircase to the Ecumenical Temple.
  2751 | Temple   | Entered the Ecumenical Temple
  3021 | Temple   | Fell from the grace of Xom
  3021 | Temple   | Became a worshipper of Trog the Wrathful
  3052 | D:4      | Noticed Dowan
  3053 | D:4      | Noticed Duvessa
  3055 | D:4      | Killed Dowan
  3059 | D:4      | Killed Duvessa
  3166 | D:4      | Found Loifom's Armour Boutique.
  3177 | D:4      | XOM: mild Conj miscast
  3203 | D:4      | XOM: give mutations
  3203 | D:4      | Gained mutation: Your body sometimes deteriorates upon
                  | taking damage. [Xom's mischief]
  3203 | D:4      | Gained mutation: You are partially covered in yellow
                  | scales. (AC +2) [Xom's mischief]
  3321 | D:5      | Entered Level 5 of the Dungeon
  3332 | D:5      | Reached XP level 8. HP: 57/70 MP: 7/7
  3433 | D:5      | Reached * piety under Trog
  3555 | D:5      | Found a hazy altar of Hepliaklqana.
  3556 | D:5      | Found a shimmering blue altar of Sif Muna.
  3584 | D:5      | XOM: mild Tmut miscast
  3663 | D:5      | Reached skill level 10 in Short Blades
  3694 | D:5      | Got a fine robe
  3842 | D:5      | Identified the cursed +1 robe of the Lion {rF++ rN+ Regen+}
                  | (You found it on level 5 of the Dungeon)
  3988 | D:6      | Reached XP level 9. HP: 52/75 MP: 8/8
  4080 | D:6      | XOM: stat loss: -2 Dex (7/9)
  4089 | D:6      | Reached ** piety under Trog
  4093 | D:6      | Reached skill level 1 in Evocations
  4147 | D:6      | XOM: mild Air miscast
  4276 | D:6      | XOM: give mutations
  4276 | D:6      | Gained mutation: You are frail. (-10% HP) [Xom's mischief]
  4276 | D:6      | Gained mutation: Your magical capacity is low. (-10% MP)
                  | [Xom's mischief]
  4710 | D:7      | Found a transporter.
  4711 | D:7      | Noticed an efreet
  4713 | D:7      | Noticed a centaur warrior
  4767 | D:7      | Noticed a manticore
  4778 | D:7      | Killed a manticore
  4940 | D:7      | Found a snail-covered altar of Cheibriados.
  5248 | D:7      | XOM: medium Conj miscast
  5383 | D:7      | Found a transporter.
  5385 | D:7      | Noticed a komodo dragon
  5637 | D:8      | Noticed Pikel
  5648 | D:8      | Killed Pikel
  5649 | D:8      | Reached XP level 10. HP: 40/74 MP: 10/10
  5835 | D:8      | XOM: 1-stop teleportation journey
  5857 | D:8      | Found Soppait's Magic Scroll Emporium.
  5935 | D:8      | Noticed a skeletal warrior
  5950 | D:8      | Killed a skeletal warrior
  5951 | D:8      | Reached skill level 1 in Armour
  6266 | D:8      | Reached skill level 5 in Armour
  6344 | D:8      | Reached *** piety under Trog
  6349 | D:8      | XOM: noise
  6499 | D:8      | Reached skill level 5 in Dodging
  6506 | D:8      | Bought a scroll of identify for 24 gold pieces
  6506 | D:8      | Bought a scroll of identify for 24 gold pieces
  6506 | D:8      | Bought a scroll of identify for 24 gold pieces
  6510 | D:8      | Bought a scroll of fog for 24 gold pieces
  6510 | D:8      | Bought a scroll of teleportation for 36 gold pieces
  6510 | D:8      | Bought a scroll of teleportation for 36 gold pieces
  6510 | D:8      | Bought 3 scrolls of teleportation for 108 gold pieces
  6855 | D:8      | XOM: medium Tloc miscast
  6888 | D:8      | XOM: medium Conj miscast
  6961 | D:8      | XOM: mild Hex miscast
  7153 | D:8      | Noticed Harold
  7175 | D:8      | Killed Harold
  7176 | D:8      | Reached XP level 11. HP: 50/82 MP: 11/11
  7538 | D:8      | XOM: mild Pois miscast
  7561 | D:9      | Noticed Psyche
  7582 | D:9      | Killed Psyche
  7583 | D:9      | Reached skill level 1 in Shields
  7813 | D:9      | Noticed a two-headed ogre
  7820 | D:9      | Killed a two-headed ogre
  7864 | D:9      | Noticed Erica
  7872 | D:9      | Killed Erica
  7872 | D:9      | Reached **** piety under Trog
  7976 | D:9      | Noticed a purple ugly thing
  7976 | D:9      | Noticed a white ugly thing
  7985 | D:9      | Killed a white ugly thing
  7992 | D:9      | Killed a purple ugly thing
  7994 | D:9      | Noticed an ettin
  7996 | D:9      | Reached skill level 5 in Shields
  8461 | D:9      | Noticed a two-headed ogre
  8471 | D:9      | Killed a two-headed ogre
  8472 | D:9      | Found a staircase to the Lair.
  8584 | D:9      | Killed an ettin
  8585 | D:9      | Reached XP level 12. HP: 61/90 MP: 12/12
  8706 | D:9      | XOM: noise
  8815 | D:9      | Got a scorched pewter ring
  8817 | D:9      | Got a masterwork shortbow
  8820 | D:9      | Got a flickering pewter amulet
  8821 | D:9      | Identified the ring of Pesohil {Ice Int+3} (You found it on
                  | level 9 of the Dungeon)
  8825 | D:9      | Identified the amulet of Picwaog {Reflect *Slow rElec rF+
                  | Str+9 SH+3} (You found it on level 9 of the Dungeon)
  8837 | D:9      | Identified the cursed +2 shortbow of Ymeonla {flame, Dex+2}
                  | (You found it on level 9 of the Dungeon)
  9002 | D:10     | Entered Level 10 of the Dungeon
  9122 | D:10     | Noticed a five-headed hydra
  9129 | D:10     | Killed a five-headed hydra
  9130 | D:10     | Reached skill level 10 in Shields
  9198 | Lair:1   | Entered Level 1 of the Lair of Beasts
  9371 | Lair:1   | XOM: mild Summ miscast
  9685 | Lair:1   | Found the +8 salamander hide armour {+Fog rF++ rC-}
  9983 | Lair:1   | XOM: mild Necr miscast
 10150 | Lair:2   | Found a staircase to the Swamp.
 10232 | Lair:2   | Reached ***** piety under Trog
 10235 | Lair:2   | Received a gift from Trog
 10303 | Lair:2   | XOM: scenery: create altars
 10406 | Lair:2   | Noticed a six-headed hydra
 10416 | Lair:2   | Killed a six-headed hydra
 10652 | Lair:2   | XOM: give mutations
 10652 | Lair:2   | Gained mutation: Your body often deteriorates upon taking
                  | damage. [Xom's mischief]
 10652 | Lair:2   | Lost mutation: Your body often deteriorates upon taking
                  | damage. [Xom's mischief]
 10652 | Lair:2   | Gained mutation: You are partially covered in icy blue
                  | scales. (AC +2) [Xom's mischief]
 11187 | Lair:3   | XOM: 1-stop teleportation journey
 11302 | Lair:3   | Reached XP level 13. HP: 88/97 MP: 13/13
 11487 | Lair:3   | XOM: medium Fire miscast
 11528 | Lair:3   | Found a hole to the Spider Nest.
 11553 | Lair:3   | XOM: medium Hex miscast
 11732 | Lair:3   | XOM: give mutations
 11732 | Lair:3   | Gained mutation: You are clumsy. (Dex -2) [Xom's mischief]
 11732 | Lair:3   | Gained mutation: You are weak. (Str -2) [Xom's mischief]
 11732 | Lair:3   | Was forgiven by Xom
 12823 | Lair:4   | Found a runed translucent door.
 12823 | Lair:4   | Found a shimmering altar of Xom.
 12823 | Lair:4   | Noticed Jedieboz's ghost (journeyman SpEn)
 12932 | Lair:4   | HP: 3/101 [black mamba (13)]
 12934 | Lair:4   | HP: 1/101 [poisoned by a black mamba]
 12934 | Lair:4   | Mangled by a black mamba

Skill      XL: |  1  2  3  4  5  6  7  8  9 10 11 12 13 |
---------------+----------------------------------------+-----
Stealth        | 3 |  3.0
Fighting       | 2 4 5 6 7 8 9 |  9.9
Maces & Flails | 2 |  2.0
Short Blades   | 2 4 7 11 13 14 | 14.0
Dodging        | 4 5 8 9 |  9.6
Evocations     | 4 |  4.0
Armour         | 6 8 9 |  9.9
Shields        | 8 13 14 | 14.2

Action                   |  1- 3 |  4- 6 |  7- 9 | 10-12 | 13-15 || total
-------------------------+-------+-------+-------+-------+-------++-------
Melee: Whip              |    88 |    57 |       |       |       ||   145
       Headbutt          |     7 |     7 |    26 |    64 |    25 ||   129
       Rapier            |       |    50 |   232 |   471 |   157 ||   910
 Fire: Blowgun           |       |       |       |     3 |       ||     3
Throw: Stone             |     6 |       |       |       |       ||     6
       Javelin           |       |       |       |     7 |    23 ||    30
Invok: Berserk           |       |       |     2 |    15 |     2 ||    19
       Trog's Hand       |       |       |     1 |     4 |     1 ||     6
  Use: Scroll            |     1 |     5 |     5 |    10 |       ||    21
       Potion            |       |       |     1 |       |       ||     1
 Stab: Sleeping          |     5 |       |     2 |       |       ||     7
  Eat: Chunk             |     3 |     7 |    16 |    29 |     9 ||    64
       Ration            |       |       |       |     3 |       ||     3
Armor: Robe              |    21 |       |       |       |       ||    21
       Scale mail        |    23 |    54 |       |       |       ||    77
       Troll leather arm |       |       |    49 |       |       ||    49
       Plate armour      |       |       |    19 |   141 |    58 ||   218
Dodge: Dodged            |    52 |    62 |   103 |    60 |    15 ||   292
Block: Other             |       |       |       |     5 |       ||     5
       Medium shield     |       |       |       |   131 |    72 ||   203
       Reflection        |       |       |       |     3 |       ||     3
